cohdb
Replays
Latest Replays
All Replays
Popular Replays
Top Player Replays
Match Explorer
How It Works
Community
CoH3 Stats
Reddit
Sign in to upload your games and track your stats! →
Sign in with Steam
Match 45467783
Unlisted
Match 45467783
Overview
Messages
Build Orders
End
Construct Infanterie Kompanie
Selects Italian Coastal Battlegroup
Selects Coastal Reserves
Coastal Reserve
MG 42 Machine Gun Team
Grenadier Squad
Grenadier Squad
Infanterie Officer Quarters
Construct Luftwaffe Kompanie
Flak 30 Anti-aircraft Gun Team
Selects Support Bunkers
Flak 30 Anti-aircraft Gun Team
Support Elements
Medical Bunker
Marder III M Tank Destroyer
Pioneer Squad
Marder III M Tank Destroyer
Luftwaffe Officer Quarters
Selects Artillery Officer
Wirbelwind Flakpanzer
Marder III M Tank Destroyer
Selects Obice da 210/22 Artillery Emplacement
Pioneer Squad
Marder III M Tank Destroyer
Medical Bunker
Earthdog
皮皮
JT
Urge to Merge
Elko8001
Skeletor
PANDAKING
MainAcrobat
0
0
Comments
sign in to comment!
No comments posted yet!